 Dungeon Sprint DCSS version 0.21-a0-260-g9b2435e (webtiles) character file.

13049 Kidiri the Unseen (level 11, -18/55 (58) HPs)
             Began as a Spriggan Enchanter on Sept 7, 2017.
             Was the Champion of Dithmenos.
             Demolished by a golden dragon (40 damage)
             ... in the Dungeon (Sprint I: "Red Sonja").
             The game lasted 00:17:15 (4307 turns).

Kidiri the Unseen (Spriggan Enchanter)              Turns: 4307, Time: 00:17:17

HP:   -18/55 (58)   AC:  2    Str:  4    XL:     11   Next: 70%
MP:   18/30         EV: 35    Int: 23    God:    Dithmenos [******]
Gold: 643           SH:  0    Dex: 24    Spells: 11/38 levels left

rFire    . . .     SeeInvis +   a - +2 dagger
rCold    . . .     Gourm    .   (shield restricted)
rNeg     . . .     Faith    .   b - +0 robe
rPois    .         Spirit   .   (helmet restricted)
rElec    .         Reflect  .   (no cloak)
rCorr    .         Harm     .   (gloves unavailable)
MR       +....     NoTele   +   (boots unavailable)
Stlth    ++++++++++             (no amulet)
HPRegen  0.18/turn              p - +5 ring of dexterity
MPRegen  0.22/turn              e - +5 ring of intelligence

@: wreathed by umbra, very quick
A: unfitting armour, see invisible, herbivore 3, speed 3, slow metabolism 2
a: Shadow Step, Shadow Form, Renounce Religion


You were in the Dungeon.
You worshipped Dithmenos.
Dithmenos was exalted by your worship.
You were not hungry.

You visited 1 branch You collected 2951 gold pieces.
You spent 2308 gold pieces at shops.

Inventory:

Hand Weapons
 a - a +2 dagger (weapon)
 t - a +0 mace
Armour
 b - a +0 robe (worn)
Jewellery
 e - a +5 ring of intelligence (right hand)
 p - a +5 ring of dexterity (left hand)
 q - an uncursed ring of protection from fire
Scrolls
 f - a scroll of amnesia
 j - 2 scrolls of blinking
 k - a scroll of magic mapping
 m - a scroll of torment
 s - a scroll of identify
Potions
 g - a potion of haste
 i - a potion of berserk rage
 r - 3 potions of curing
Books
 c - a book of Maledictions

   Spells                             Type                      Level
   a - Corona                         Hexes                        1
   b - Ensorcelled Hibernation        Hexes/Ice                    2
   c - Confuse                        Hexes                        3
   d - Tukima's Dance                 Hexes                        3
   e - Dazzling Spray                 Conjuration/Hexes            3
 o - a book of the Earth

   Spells                             Type                      Level
   a - Leda's Liquefaction            Hexes/Earth                  4
   b - Bolt of Magma                  Conjuration/Fire/Earth       5
   c - Statue Form                    Transmutation/Earth          6
   d - Iron Shot                      Conjuration/Earth            6
   e - Shatter                        Earth                        9
Comestibles
 d - 2 bread rations
 l - 2 royal jellies
 n - 2 fruits


   Skills:
 + Level 7.2 Fighting
 * Level 13.0 Short Blades
 + Level 6.3 Armour
 * Level 16.5 Dodging
 * Level 17.8 Stealth
 * Level 14.1 Spellcasting
 + Level 2.7 Conjurations
 + Level 11.0 Hexes
 + Level 3.1 Ice Magic
 * Level 5.1 Earth Magic
 - Level 6.3 Invocations


You had 11 spell levels left.
You knew the following spells:

 Your Spells              Type           Power        Failure   Level  Hunger
a - Corona                Hex            ######.      1%          1    None
b - Ensorcelled Hibernat  Hex/Ice        #####.       1%          2    None
c - Confuse               Hex            ######..     1%          3    None
d - Tukima's Dance        Hex            ######..     1%          3    None
e - Dazzling Spray        Conj/Hex       #####.       1%          3    None
f - Iron Shot             Conj/Erth      ####......   73%         6    #####..
g - Shatter               Erth           #####.....   100%        9    #######


Dungeon Overview and Level Annotations

Branches:
Dungeon (1/1)

Altars:
Cheibriados
Dithmenos
Elyvilon
Fedhas
Gozag
Hepliaklqana
Kikubaaqudgha
Makhleb
Nemelex Xobeh
Okawaru
Qazlal
Ru
Sif Muna
Trog
Uskayaw
Vehumet
Wu Jian
Xom
Yredelemnul
Zin
The Shining One
Jiyva
Lugonu

Shops:
D =%=?::*::=[[*!*[[

Annotations:
D exclusion: door


Innate Abilities, Weirdness & Mutations

You are very small and have problems with some larger weapons.
You are too small for most types of armour.
You have supernaturally acute eyesight. (SInv)
You are a herbivore.
You cover ground extremely quickly.
You need consume almost no food.


Message History

Aiming: Dazzling Spray
Press: ? - help, Shift-Dir - straight line, f/p - golden dragon
Aim: a golden dragon (severely wounded, catching its breath, umbra)
The spray of energy hits the golden dragon.
The golden dragon is severely wounded.
The golden dragon bites you!!
You emit a cloud of dark smoke.
The golden dragon claws you.
The golden dragon completely misses you.
Casting: Dazzling Spray
Confirm with . or Enter, or press ? or * to list all spells.
Aiming: Dazzling Spray
Press: ? - help, Shift-Dir - straight line, f/p - golden dragon
Aim: a golden dragon (black smoke, severely wounded, catching its breath, umbra)
The spray of energy hits the golden dragon.
The golden dragon is severely wounded.
Your shadow mimicks your spell!
The shadow shard hits the golden dragon.
The golden dragon bites you!!!
Ouch! That really hurt!
You die...

#+# .#§§§.§# #
.##.§§§# #
.≈###+## # .≈
#.####+# #
m≈e##§#.§§.##
#
.≈##§§§..§§.##
#.§§§.§§§..#
##
##.§§§§.§§§.##
.###
#..§§§@)§§§..#
...#
#..§§§D§§§...#
...#
##.§§§§§§...##
####
#$§$§$$$§$$# #
##$$$$$$$$##
##(=)$/%##
########


You could see a golden dragon.

Vanquished Creatures
  A shadow dragon (D)
  A lorocyproca (D)
  2 centaur warriors (D)
  A hydra (D)
  Sonja (D)
  2 unseen horrors (D)
  A deep troll (D)
  A lindwurm (D)
  An oklob plant (D)
  A gargoyle (D)
  2 kobold demonologists (D)
  4 demonic crawlers (D)
  A hornet (D)
  A slime creature (D)
  Sigmund (D)
  2 redbacks (D)
  13 hogs (D)
  A yak (D)
  3 floating eyes (D)
  7 necrophages (D)
  An ogre (D)
  8 jellies (D)
  Ijyb (D)
  A ballistomycete (D)
  A ballistomycete spore (D)
59 creatures vanquished.

Vanquished Creatures (others)
  A merfolk siren (D)
  A gargoyle (D)
  4 hornets (D)
  A ballistomycete spore (D)
7 creatures vanquished.

Grand Total: 66 creatures vanquished

Notes
Turn   | Place    | Note
-------+----------+-------------------------------------------
     0 | D        | Kidiri the Spriggan Enchanter began the quest for the Orb.
     0 | D        | Reached XP level 1. HP: 9/9 MP: 5/5
     2 | D        | Noticed Ijyb
    26 | D        | Killed Ijyb
    26 | D        | Reached skill level 1 in Fighting
    26 | D        | Reached skill level 1 in Armour
    26 | D        | Reached skill level 5 in Stealth
    26 | D        | Reached XP level 2. HP: 11/14 MP: 2/7
    83 | D        | Learned a level 2 spell: Ensorcelled Hibernation
    84 | D        | Noticed an ogre
   106 | D        | Killed an ogre
   106 | D        | Reached skill level 7 in Stealth
   106 | D        | Reached skill level 5 in Spellcasting
   106 | D        | Reached XP level 3. HP: 18/18 MP: 0/10
   106 | D        | Reached XP level 4. HP: 23/23 MP: 0/12
   111 | D        | Learned a level 3 spell: Confuse
   115 | D        | Learned a level 3 spell: Tukima's Dance
   119 | D        | Learned a level 3 spell: Dazzling Spray
   202 | D        | Noticed Sigmund
   222 | D        | Killed Sigmund
   222 | D        | Reached skill level 5 in Short Blades
   222 | D        | Reached skill level 9 in Stealth
   222 | D        | Reached skill level 5 in Hexes
   222 | D        | Reached XP level 5. HP: 15/28 MP: 6/15
   338 | D        | Killed a hornet
   339 | D        | Killed a hornet
   369 | D        | Found an ornate altar of the Wu Jian Council.
   369 | D        | Found a deep blue altar of Sif Muna.
   371 | D        | Found a radiant altar of Vehumet.
   375 | D        | Reached XP level 6. HP: 32/32 MP: 17/17
   411 | D        | Found Vudoh's Food Emporium.
   411 | D        | Found an ancient bone altar of Kikubaaqudgha.
   411 | D        | Found a hazy altar of Hepliaklqana.
   411 | D        | Found a stormy altar of Qazlal.
   411 | D        | Found a hide-covered altar of Uskayaw.
   411 | D        | Found a blossoming altar of Fedhas.
   411 | D        | Found a bloodstained altar of Trog.
   411 | D        | Found an iron altar of Okawaru.
   411 | D        | Found a basalt altar of Yredelemnul.
   411 | D        | Found a glowing golden altar of the Shining One.
   411 | D        | Found a snail-covered altar of Cheibriados.
   411 | D        | Found a sacrificial altar of Ru.
   411 | D        | Found a glowing silver altar of Zin.
   411 | D        | Found a shadowy altar of Dithmenos.
   411 | D        | Found a white marble altar of Elyvilon.
   411 | D        | Noticed a yak
   412 | D        | Found an opulent altar of Gozag.
   413 | D        | Killed a yak
   413 | D        | Reached skill level 10 in Stealth
   414 | D        | Found a sparkling altar of Nemelex Xobeh.
   420 | D        | Became a worshipper of Dithmenos the Shadowed
   533 | D        | Noticed Sonja
   537 | D        | Killed Sonja
   537 | D        | Reached skill level 10 in Dodging
   537 | D        | Reached skill level 12 in Stealth
   537 | D        | Reached XP level 7. HP: 37/37 MP: 17/20
   537 | D        | Reached XP level 8. HP: 42/42 MP: 18/22
   551 | D        | Killed a hornet
   552 | D        | Found Bumeneniy's Jewellery Boutique.
   563 | D        | Killed a hornet
   573 | D        | Noticed a deep troll
   619 | D        | Killed a deep troll
   653 | D        | Found Faotij's Armour Emporium.
   820 | D        | Found a viscous altar of Jiyva.
   820 | D        | Found a corrupted altar of Lugonu.
   820 | D        | Noticed a slime creature
   821 | D        | Found a burning altar of Makhleb.
   821 | D        | Found a shimmering altar of Xom.
  1022 | D        | Killed a slime creature
  1022 | D        | Reached * piety under Dithmenos
  1022 | D        | Reached skill level 13 in Stealth
  1022 | D        | Reached skill level 10 in Spellcasting
  1125 | D        | Noticed a centaur warrior
  1126 | D        | Noticed a centaur warrior
  1136 | D        | Killed a centaur warrior
  1136 | D        | Reached skill level 5 in Fighting
  1136 | D        | Reached XP level 9. HP: 17/47 MP: 10/24
  1145 | D        | Killed a centaur warrior
  1145 | D        | Reached skill level 10 in Short Blades
  1145 | D        | Reached skill level 14 in Stealth
  1342 | D        | Reached ** piety under Dithmenos
  1342 | D        | Reached skill level 5 in Invocations
  1354 | D        | Noticed an oklob plant
  1356 | D        | Killed an oklob plant
  1356 | D        | Reached skill level 5 in Armour
  1381 | D        | Reached skill level 15 in Stealth
  1381 | D        | Reached XP level 10. HP: 22/53 MP: 17/26
  1416 | D        | HP: 2/53 [poisoned by a redback]
  1424 | D        | HP: 2/53 [poisoned by a redback]
  1742 | D        | Noticed an unseen horror
  1742 | D        | Noticed an unseen horror
  1749 | D        | Killed an unseen horror
  1749 | D        | Reached *** piety under Dithmenos
  1758 | D        | Killed an unseen horror
  1854 | D        | Reached **** piety under Dithmenos
  1875 | D        | Reached ***** piety under Dithmenos
  1896 | D        | Reached skill level 10 in Hexes
  1917 | D        | Found Fiotsos's Magic Scroll Shoppe.
  1917 | D        | Found Fisept's Jewellery Shop.
  1917 | D        | Found Goci's Book Boutique.
  1919 | D        | Found Cist's Book Emporium.
  1919 | D        | Found Zaciamonn's Assorted Antiques.
  1919 | D        | Found Meanegei's Book Shoppe.
  1919 | D        | Found Xontuefi's Book Boutique.
  1919 | D        | Found Kumaediezu's Jewellery Emporium.
  1919 | D        | Found Qeanucs's Armour Shop.
  1919 | D        | Found Sijaow's Antique Armour Shoppe.
  1923 | D        | Found Ikug's Assorted Antiques.
  1924 | D        | Found Linn's Assorted Antiques.
  1924 | D        | Found Tonwymut's Distillery.
  1925 | D        | Found Ireskyto's Antique Armour Emporium.
  1948 | D        | Bought a book of the Earth for 780 gold pieces
  1955 | D        | Learned a level 6 spell: Iron Shot
  2171 | D        | Killed a merfolk siren
  2370 | D        | Bought a scroll of identify for 26 gold pieces
  2374 | D        | Bought a scroll of enchant weapon for 97 gold pieces
  2374 | D        | Bought a scroll of magic mapping for 45 gold pieces
  2374 | D        | Bought a scroll of blinking for 97 gold pieces
  2444 | D        | Learned a level 9 spell: Shatter
  2463 | D        | Reached skill level 16 in Stealth
  2465 | D        | Reached skill level 1 in Earth Magic
  2489 | D        | Reached ****** piety under Dithmenos
  2489 | D        | Reached skill level 1 in Ice Magic
  2492 | D        | Reached skill level 15 in Dodging
  2492 | D        | Reached skill level 1 in Conjurations
  2520 | D        | Noticed a lindwurm
  2521 | D        | Killed a lindwurm
  2521 | D        | Reached XP level 11. HP: 55/55 MP: 24/29
  2662 | D        | Reached skill level 17 in Stealth
  2779 | D        | Noticed a 12-headed hydra
  2781 | D        | Killed a 12-headed hydra
  2892 | D        | Noticed a deep elf annihilator
  2984 | D        | Noticed a lorocyproca
  3036 | D        | Killed a lorocyproca
  3999 | D        | Bought a +5 ring of intelligence for 453 gold pieces
  4047 | D        | Bought a +5 ring of dexterity for 535 gold pieces
  4092 | D        | Bought an uncursed ring of protection from fire for 275 gold pieces
  4291 | D        | Noticed a shadow dragon
  4291 | D        | Noticed a golden dragon
  4292 | D        | Killed a shadow dragon
  4292 | D        | Reached skill level 5 in Earth Magic
  4307 | D        | Demolished by a golden dragon

Vault maps used:
D:        dungeon_sprint_1

Skill      XL: |  1  2  3  4  5  6  7  8  9 10 11 |
---------------+----------------------------------+-----
Fighting       | 1 2 4 5 6 7 |  7.2
Short Blades   | 2 4 5 8 9 10 12 13 | 13.0
Armour         | 1 2 3 4 5 6 |  6.3
Dodging        | 4 6 8 10 12 13 15 16 | 16.5
Stealth        | 5 7 9 12 13 15 16 17 | 17.8
Spellcasting   | 3 5 6 7 9 10 11 13 14 | 14.1
Hexes          | 4 5 7 8 9 10 11 | 11.0
Invocations    | 2 4 5 6 |  6.3
Earth Magic    | 2 5 |  5.1
Ice Magic      | 1 3 |  3.1
Conjurations   | 1 2 |  2.7

Action                   |  1- 3 |  4- 6 |  7- 9 | 10-12 || total
-------------------------+-------+-------+-------+-------++-------
Melee: Dagger            |    16 |    17 |    25 |    78 ||   136
 Fire: Shortbow          |       |       |       |     1 ||     1
Throw: Throwing net      |       |       |       |     1 ||     1
 Cast: Corona            |     4 |       |       |       ||     4
       Ensorcelled Hiber |     4 |     2 |    25 |    26 ||    57
       Confuse           |       |     1 |     4 |     3 ||     8
       Dazzling Spray    |       |       |     3 |    22 ||    25
Invok: Shadow Step       |       |       |       |     6 ||     6
  Use: Potion            |     1 |       |     1 |     2 ||     4
       Scroll            |       |       |       |     4 ||     4
 Stab: Sleeping          |     2 |     3 |     5 |    35 ||    45
       Confused          |       |     2 |     4 |     1 ||     7
       Invisible         |       |       |     2 |     2 ||     4
  Eat: Royal jelly       |       |       |       |     1 ||     1
Armor: Robe              |       |       |     1 |     2 ||     3
Dodge: Dodged            |    14 |     3 |    37 |    98 ||   152

Table legend:
 A = Spawn XP
 B = Non-spawn XP
 C = Spawn XP percentage of total XP
 D = Spawn monster count
 E = Non-spawn monster count
 F = Spawn count percentage of total count
 G = Total turns spent on level
                    A         B        C        D         E        F      G
               +---------+---------+-------+---------+---------+-------+---------
         Total |       0 |   18642 |   0.0 |       0 |      57 |   0.0 |  4307
               +---------+---------+-------+---------+---------+-------+---------
             D |       0 |   18642 |   0.0 |       0 |      57 |   0.0 |  4307
               +---------+---------+-------+---------+---------+-------+---------
